[ PARTIDA AOE2 · #474703983 ]
UnrankedHunos vs Burmese
[ ANÁLISIS DE REPETICIÓN · EXTRAÍDO DE LA PARTIDA GRABADA ]
Feudal
18:55
Castillos
—
Imperial
—
| APM promedio | 7.9 |
| APM pico | 30 |
| eAPM promedio | 2.6 |
| Aldeanos / militares | 13 / 9 |
Foco
⚔️ 15.4% · 🌾 84.6%
Scout Cavalry ×5 · Militia ×4
Feudal
—
Castillos
—
Imperial
—
| APM promedio | 16.1 |
| APM pico | 64 |
| eAPM promedio | 6.1 |
| Aldeanos / militares | 15 / 8 |
Foco
⚔️ 29.6% · 🌾 70.4%
Militia ×8
Feudal
14:19
Castillos
29:53
Imperial
—
| APM promedio | 8.0 |
| APM pico | 25 |
| eAPM promedio | 3.9 |
| Aldeanos / militares | 35 / 9 |
Foco
⚔️ 14.4% · 🌾 85.6%
Scout Cavalry ×6 · Archer ×3
Feudal
—
Castillos
—
Imperial
—
| APM promedio | 16.6 |
| APM pico | 28 |
| eAPM promedio | 9.9 |
| Aldeanos / militares | 48 / 22 |
Foco
⚔️ 11.9% · 🌾 88.1%
Hussite Wagon ×22 · Fishing Ship ×7
Feudal
19:09
Castillos
—
Imperial
—
| APM promedio | 17.8 |
| APM pico | 33 |
| eAPM promedio | 8.8 |
| Aldeanos / militares | 39 / 44 |
Foco
⚔️ 25.8% · 🌾 74.2%
Militia ×44
Feudal
—
Castillos
—
Imperial
—
| APM promedio | 19.5 |
| APM pico | 54 |
| eAPM promedio | 8.2 |
| Aldeanos / militares | 60 / 17 |
Foco
⚔️ 27.8% · 🌾 72.2%
Militia ×11 · Scorpion ×4 · Spearman ×2
Feudal
17:31
Castillos
27:03
Imperial
39:22
| APM promedio | 13.6 |
| APM pico | 31 |
| eAPM promedio | 5.3 |
| Aldeanos / militares | 47 / 0 |
Foco
⚔️ 6.9% · 🌾 93.1%
Fishing Ship ×14
Feudal
16:42
Castillos
—
Imperial
—
| APM promedio | 7.6 |
| APM pico | 31 |
| eAPM promedio | 3.4 |
| Aldeanos / militares | 20 / 9 |
Foco
⚔️ 14.7% · 🌾 85.3%
Fishing Ship ×10 · Archer ×9
Mapa de la partida
Recursos iniciales + cada clic de construcción. Líneas = muros · curvas = relieve. ◆ oro · ⬟ piedra · ● bayas · ✦ reliquia · ◌ hueco del cierre
Tu base· Abierta — flanco sin cerrar
Base de ElMistik1042· Abierta — hueco de 14t
Base de armimen56· Abierta — flanco sin cerrar
Base de jeredino123· Abierta — hueco de 5t
Base de marciano.gazu· Abierta — hueco de 10t
Base de HijoClauAmen· Abierta — flanco sin cerrar
Base de EL_LEON_DE_LA_TRIBU_DE_JUDA· Abierta — hueco de 9t
Base de titobr6· Abierta — hueco de 10t
Terreno inicial suavizado · ◌ = hueco del cierre detectado · pasá el cursor para detalles
Inputs por minuto
— nachoo.monroy - - ElMistik1042
Build order — nachoo.monroy
38 acciones detectadas en el replay
| 2:23 | Construir | Town Center |
| 5:14 | Crear | Villager (Male) |
| 5:14 | Crear | Villager (Male) |
| 5:15 | Crear | Villager (Male) |
| 5:15 | Crear | Villager (Male) |
| 5:17 | Investigar | Loom |
| 6:02 | Construir | Lumber Camp |
| 7:37 | Crear | Villager (Male) |
| 7:40 | Crear | Villager (Male) |
| 10:04 | Crear | Villager (Male) |
| 10:04 | Crear | Villager (Male) |
| 10:04 | Crear | Villager (Male) |
| 10:06 | Crear | Villager (Male) |
| 10:06 | Crear | Villager (Male) |
| 11:19 | Construir | Barracks |
| 12:45 | Construir | Mining Camp |
| 13:39 | Crear | Militia |
| 13:40 | Crear | Militia |
| 14:39 | Crear | Militia |
| 16:45 | Investigar | Feudal Age |
| 18:55 | Edad | Edad Feudal |
| 20:01 | Construir | Stable |
| 21:10 | Investigar | Bloodlines |
| 21:11 | Crear | Scout Cavalry |
| 22:18 | Crear | Scout Cavalry |
| 22:32 | Crear | Militia |
| 23:13 | Construir | Mill |
| 23:42 | Construir | Blacksmith |
| 23:58 | Crear | Scout Cavalry |
| 23:58 | Crear | Scout Cavalry |
| 24:35 | Crear | Villager (Male) |
| 24:35 | Crear | Villager (Male) |
| 25:27 | Construir | Farm |
| 25:34 | Construir | Farm |
| 25:40 | Construir | Farm |
| 25:46 | Construir | Farm |
| 25:57 | Construir | Farm |
| 26:39 | Crear | Scout Cavalry |
Build order — ElMistik1042
43 acciones detectadas en el replay
| 0:23 | Construir | Town Center |
| 2:55 | Construir | Barracks |
| 3:01 | Construir | House |
| 3:16 | Crear | Villager (Male) |
| 3:16 | Crear | Villager (Male) |
| 3:17 | Crear | Villager (Male) |
| 3:17 | Crear | Villager (Male) |
| 3:28 | Crear | Villager (Male) |
| 4:54 | Investigar | Loom |
| 5:17 | Crear | Militia |
| 6:16 | Crear | Villager (Male) |
| 6:35 | Construir | House |
| 7:26 | Crear | Militia |
| 7:27 | Crear | Militia |
| 11:30 | Crear | Villager (Male) |
| 11:31 | Crear | Villager (Male) |
| 11:31 | Crear | Villager (Male) |
| 11:31 | Crear | Villager (Male) |
| 11:41 | Crear | Militia |
| 13:44 | Crear | Militia |
| 13:44 | Crear | Militia |
| 13:45 | Crear | Militia |
| 13:52 | Construir | House |
| 13:58 | Construir | House |
| 14:44 | Crear | Militia |
| 19:05 | Construir | Lumber Camp |
| 19:59 | Investigar | Feudal Age |
| 22:14 | Construir | Blacksmith |
| 22:37 | Investigar | Man-at-Arms (upgrade) |
| 22:38 | Investigar | Arson |
| 23:24 | Investigar | Fletching |
| 26:57 | Construir | Dock |
| 28:24 | Construir | Mill |
| 29:56 | Construir | Blacksmith |
| 31:31 | Investigar | Forging |
| 31:32 | Investigar | Scale Mail Armor |
| 34:20 | Construir | Town Center |
| 37:47 | Construir | Town Center |
| 41:05 | Crear | Villager (Male) |
| 41:05 | Crear | Villager (Male) |
| 41:06 | Crear | Villager (Male) |
| 41:06 | Crear | Villager (Male) |
| 41:06 | Crear | Villager (Male) |
Build order — armimen56
87 acciones detectadas en el replay
| 2:09 | Construir | Town Center |
| 2:31 | Construir | House |
| 2:34 | Construir | House |
| 4:39 | Crear | Villager (Male) |
| 4:40 | Crear | Villager (Male) |
| 4:40 | Crear | Villager (Male) |
| 4:40 | Crear | Villager (Male) |
| 4:42 | Investigar | Loom |
| 7:10 | Construir | Mill |
| 7:23 | Crear | Villager (Male) |
| 7:23 | Crear | Villager (Male) |
| 7:57 | Crear | Villager (Male) |
| 8:28 | Crear | Villager (Male) |
| 9:06 | Crear | Villager (Male) |
| 9:39 | Crear | Villager (Male) |
| 9:40 | Crear | Villager (Male) |
| 9:50 | Construir | Farm |
| 10:08 | Construir | Mining Camp |
| 10:34 | Construir | House |
| 11:39 | Crear | Villager (Male) |
| 12:09 | Investigar | Feudal Age |
| 12:21 | Construir | Farm |
| 12:47 | Construir | Farm |
| 13:05 | Crear | Villager (Male) |
| 13:32 | Construir | Lumber Camp |
| 13:50 | Crear | Villager (Male) |
| 13:50 | Crear | Villager (Male) |
| 13:50 | Crear | Villager (Male) |
| 14:19 | Edad | Edad Feudal |
| 14:22 | Investigar | Double-Bit Axe |
| 14:51 | Construir | Farm |
| 15:00 | Construir | Farm |
| 15:12 | Construir | House |
| 15:29 | Investigar | Horse Collar |
| 16:01 | Construir | Farm |
| 16:06 | Crear | Villager (Male) |
| 16:06 | Crear | Villager (Male) |
| 16:31 | Crear | Villager (Male) |
| 16:32 | Crear | Villager (Male) |
| 16:47 | Construir | Barracks |
| 17:04 | Construir | House |
| 17:09 | Crear | Villager (Male) |
| 17:09 | Crear | Villager (Male) |
| 17:31 | Crear | Villager (Male) |
| 17:31 | Crear | Villager (Male) |
| 17:43 | Construir | Stable |
| 17:52 | Construir | Farm |
| 18:01 | Construir | Farm |
| 18:22 | Crear | Villager (Male) |
| 18:22 | Crear | Villager (Male) |
| 18:38 | Construir | Farm |
| 18:46 | Construir | Farm |
| 19:17 | Construir | Archery Range |
| 19:47 | Crear | Scout Cavalry |
| 19:48 | Crear | Scout Cavalry |
| 19:48 | Crear | Scout Cavalry |
| 19:53 | Crear | Villager (Male) |
| 20:11 | Crear | Archer |
| 20:11 | Crear | Archer |
| 20:11 | Crear | Archer |
| 20:16 | Construir | Archery Range |
| 20:24 | Construir | House |
| 20:35 | Crear | Villager (Male) |
| 20:35 | Crear | Villager (Male) |
| 20:41 | Construir | House |
| 20:44 | Construir | House |
| 21:29 | Crear | Scout Cavalry |
| 21:30 | Crear | Scout Cavalry |
| 21:30 | Crear | Scout Cavalry |
| 22:02 | Construir | House |
| 22:15 | Construir | Farm |
| 22:21 | Crear | Villager (Male) |
| 22:21 | Crear | Villager (Male) |
| 22:21 | Crear | Villager (Male) |
| 23:35 | Crear | Villager (Male) |
| 23:35 | Crear | Villager (Male) |
| 23:36 | Crear | Villager (Male) |
| 23:41 | Construir | Mining Camp |
| 23:48 | Construir | Blacksmith |
| 24:10 | Investigar | Bloodlines |
| 24:20 | Construir | Farm |
| 27:13 | Investigar | Castle Age |
| 29:40 | Investigar | Stone Mining |
| 29:44 | Investigar | Gold Mining |
| 29:50 | Investigar | Scale Barding Armor |
| 29:52 | Investigar | Forging |
| 29:53 | Edad | Edad de los Castillos |
Build order — jeredino123
141 acciones detectadas en el replay
| 0:57 | Construir | Town Center |
| 3:35 | Crear | Villager (Male) |
| 3:35 | Crear | Villager (Male) |
| 3:35 | Crear | Villager (Male) |
| 3:36 | Crear | Villager (Male) |
| 3:36 | Crear | Villager (Male) |
| 3:50 | Construir | House |
| 3:51 | Construir | House |
| 3:52 | Construir | House |
| 4:46 | Crear | Villager (Male) |
| 5:16 | Construir | House |
| 5:21 | Crear | Villager (Male) |
| 5:50 | Crear | Villager (Male) |
| 6:09 | Crear | Villager (Male) |
| 6:48 | Crear | Villager (Male) |
| 6:48 | Crear | Villager (Male) |
| 7:58 | Crear | Villager (Male) |
| 7:59 | Crear | Villager (Male) |
| 8:36 | Crear | Villager (Male) |
| 8:36 | Crear | Villager (Male) |
| 8:39 | Crear | Villager (Male) |
| 8:39 | Crear | Villager (Male) |
| 8:39 | Crear | Villager (Male) |
| 8:47 | Crear | Villager (Male) |
| 8:47 | Crear | Villager (Male) |
| 9:09 | Construir | Lumber Camp |
| 10:33 | Construir | Mill |
| 12:08 | Construir | Dock |
| 12:33 | Investigar | Feudal Age |
| 12:57 | Crear | Fishing Ship |
| 12:57 | Crear | Fishing Ship |
| 12:57 | Crear | Fishing Ship |
| 12:58 | Crear | Fishing Ship |
| 14:30 | Construir | House |
| 14:32 | Construir | House |
| 14:33 | Construir | House |
| 14:48 | Investigar | Wheelbarrow |
| 14:51 | Investigar | Double-Bit Axe |
| 14:55 | Investigar | Horse Collar |
| 15:00 | Construir | Farm |
| 15:01 | Construir | Farm |
| 15:02 | Construir | Farm |
| 15:25 | Construir | Farm |
| 15:51 | Construir | Farm |
| 16:07 | Construir | Farm |
| 16:14 | Construir | Farm |
| 16:23 | Crear | Villager (Male) |
| 16:24 | Crear | Villager (Male) |
| 16:24 | Crear | Villager (Male) |
| 16:24 | Crear | Villager (Male) |
| 16:24 | Crear | Villager (Male) |
| 16:32 | Crear | Villager (Male) |
| 16:43 | Construir | Farm |
| 16:50 | Construir | Farm |
| 17:59 | Construir | Mining Camp |
| 18:08 | Crear | Villager (Male) |
| 18:08 | Crear | Villager (Male) |
| 18:08 | Crear | Villager (Male) |
| 18:39 | Construir | Watch Tower |
| 19:22 | Crear | Villager (Male) |
| 20:55 | Construir | Farm |
| 21:20 | Construir | Market |
| 22:19 | Construir | Blacksmith |
| 22:53 | Investigar | Castle Age |
| 23:14 | Investigar | Tech 906 |
| 23:14 | Crear | Fishing Ship |
| 23:15 | Crear | Fishing Ship |
| 23:17 | Crear | Fishing Ship |
| 25:54 | Investigar | Hand Cart |
| 25:57 | Investigar | Heavy Plow |
| 25:59 | Investigar | Bow Saw |
| 26:33 | Construir | Castle |
| 28:03 | Construir | Farm |
| 28:05 | Construir | Farm |
| 28:06 | Construir | Farm |
| 28:07 | Construir | Farm |
| 28:08 | Construir | Farm |
| 28:52 | Construir | Mining Camp |
| 29:29 | Crear | Villager (Male) |
| 29:29 | Crear | Villager (Male) |
| 29:30 | Crear | Villager (Male) |
| 29:31 | Crear | Villager (Male) |
| 29:59 | Crear | Hussite Wagon |
| 29:59 | Crear | Hussite Wagon |
| 30:47 | Crear | Villager (Male) |
| 30:47 | Crear | Villager (Male) |
| 30:52 | Construir | Farm |
| 31:33 | Construir | Lumber Camp |
| 31:49 | Crear | Villager (Male) |
| 31:49 | Crear | Villager (Male) |
| 31:49 | Crear | Villager (Male) |
| 31:49 | Crear | Villager (Male) |
| 32:28 | Crear | Villager (Male) |
| 32:28 | Crear | Villager (Male) |
| 32:28 | Crear | Villager (Male) |
| 32:29 | Crear | Villager (Male) |
| 32:29 | Crear | Villager (Male) |
| 33:59 | Investigar | Scale Mail Armor |
| 33:59 | Investigar | Forging |
| 34:08 | Crear | Hussite Wagon |
| 34:08 | Crear | Hussite Wagon |
| 34:08 | Crear | Hussite Wagon |
| 34:09 | Crear | Hussite Wagon |
| 34:09 | Crear | Hussite Wagon |
| 35:00 | Investigar | Gillnets |
| 35:08 | Crear | Villager (Male) |
| 35:09 | Crear | Villager (Male) |
| 35:09 | Crear | Villager (Male) |
| 35:12 | Investigar | Chain Mail Armor |
| 35:59 | Investigar | Iron Casting |
| 37:44 | Investigar | Imperial Age |
| 38:32 | Crear | Hussite Wagon |
| 38:32 | Crear | Hussite Wagon |
| 38:32 | Crear | Hussite Wagon |
| 38:33 | Crear | Hussite Wagon |
| 38:33 | Crear | Hussite Wagon |
| 38:49 | Construir | House |
| 38:50 | Construir | House |
| 38:51 | Construir | House |
| 38:53 | Construir | House |
| 38:54 | Construir | House |
| 38:54 | Construir | House |
| 38:55 | Construir | House |
| 38:56 | Construir | House |
| 41:37 | Investigar | Elite Hussite Wagon (upgrade) |
| 41:59 | Construir | Lumber Camp |
| 42:07 | Crear | Hussite Wagon |
| 42:07 | Crear | Hussite Wagon |
| 42:08 | Crear | Hussite Wagon |
| 42:08 | Crear | Hussite Wagon |
| 42:08 | Crear | Hussite Wagon |
| 42:08 | Crear | Hussite Wagon |
| 42:36 | Construir | House |
| 42:37 | Construir | House |
| 42:37 | Construir | House |
| 43:11 | Construir | Siege Workshop |
| 43:16 | Construir | Siege Workshop |
| 43:20 | Crear | Hussite Wagon |
| 43:20 | Crear | Hussite Wagon |
| 43:20 | Crear | Hussite Wagon |
| 43:20 | Crear | Hussite Wagon |
Build order — marciano.gazu
142 acciones detectadas en el replay
| 3:22 | Construir | Town Center |
| 4:58 | Construir | House |
| 5:30 | Crear | Villager (Male) |
| 5:33 | Crear | Villager (Male) |
| 5:49 | Construir | House |
| 5:53 | Crear | Villager (Male) |
| 6:34 | Crear | Villager (Male) |
| 7:10 | Investigar | Loom |
| 7:55 | Construir | Palisade Wall |
| 8:01 | Crear | Villager (Male) |
| 8:22 | Crear | Villager (Male) |
| 8:40 | Construir | House |
| 8:43 | Construir | House |
| 9:36 | Crear | Villager (Male) |
| 10:01 | Crear | Villager (Male) |
| 10:40 | Crear | Villager (Male) |
| 11:29 | Crear | Villager (Male) |
| 11:55 | Crear | Villager (Male) |
| 12:07 | Construir | Lumber Camp |
| 12:29 | Crear | Villager (Male) |
| 12:58 | Crear | Villager (Male) |
| 13:34 | Crear | Villager (Male) |
| 13:51 | Construir | House |
| 14:40 | Crear | Villager (Male) |
| 14:42 | Crear | Villager (Male) |
| 15:13 | Construir | Mill |
| 15:17 | Crear | Villager (Male) |
| 16:00 | Construir | Outpost |
| 16:05 | Crear | Villager (Male) |
| 16:06 | Crear | Villager (Male) |
| 16:29 | Crear | Villager (Male) |
| 16:29 | Crear | Villager (Male) |
| 16:45 | Construir | House |
| 16:55 | Investigar | Feudal Age |
| 17:08 | Construir | Barracks |
| 17:30 | Crear | Villager (Male) |
| 18:02 | Construir | Farm |
| 18:31 | Crear | Militia |
| 18:32 | Crear | Militia |
| 18:33 | Crear | Militia |
| 18:34 | Crear | Militia |
| 18:36 | Crear | Militia |
| 18:41 | Crear | Villager (Male) |
| 19:09 | Edad | Edad Feudal |
| 19:11 | Construir | House |
| 19:59 | Construir | House |
| 20:00 | Construir | House |
| 20:14 | Investigar | Man-at-Arms (upgrade) |
| 20:23 | Crear | Villager (Male) |
| 21:05 | Crear | Militia |
| 21:26 | Construir | Farm |
| 21:30 | Construir | Farm |
| 21:33 | Construir | House |
| 21:34 | Crear | Villager (Male) |
| 21:36 | Crear | Villager (Male) |
| 21:40 | Crear | Militia |
| 22:09 | Crear | Militia |
| 22:09 | Crear | Militia |
| 22:41 | Crear | Villager (Male) |
| 22:45 | Construir | Farm |
| 22:49 | Crear | Villager (Male) |
| 22:52 | Construir | Farm |
| 22:56 | Construir | Farm |
| 23:28 | Construir | Farm |
| 23:50 | Construir | Blacksmith |
| 23:51 | Crear | Villager (Male) |
| 23:52 | Crear | Villager (Male) |
| 23:52 | Crear | Villager (Male) |
| 24:13 | Construir | Farm |
| 24:14 | Investigar | Horse Collar |
| 24:16 | Construir | Farm |
| 24:21 | Construir | Farm |
| 24:25 | Construir | Farm |
| 24:29 | Construir | Farm |
| 24:34 | Construir | Barracks |
| 25:00 | Construir | Farm |
| 25:44 | Construir | Farm |
| 26:40 | Crear | Militia |
| 26:40 | Crear | Militia |
| 26:41 | Crear | Militia |
| 26:41 | Crear | Militia |
| 26:41 | Crear | Militia |
| 26:41 | Crear | Militia |
| 26:42 | Crear | Militia |
| 26:44 | Crear | Villager (Male) |
| 26:45 | Crear | Villager (Male) |
| 26:46 | Crear | Villager (Male) |
| 26:46 | Crear | Villager (Male) |
| 26:53 | Construir | Farm |
| 26:59 | Construir | Farm |
| 27:43 | Crear | Militia |
| 27:43 | Crear | Militia |
| 27:44 | Crear | Militia |
| 27:44 | Crear | Militia |
| 27:44 | Crear | Militia |
| 27:45 | Crear | Militia |
| 28:03 | Construir | House |
| 28:05 | Construir | House |
| 28:07 | Construir | House |
| 28:08 | Construir | House |
| 28:09 | Construir | House |
| 28:46 | Crear | Militia |
| 28:46 | Crear | Militia |
| 28:46 | Crear | Militia |
| 28:48 | Crear | Villager (Male) |
| 29:25 | Construir | Mining Camp |
| 29:27 | Crear | Villager (Male) |
| 30:02 | Crear | Militia |
| 30:02 | Crear | Militia |
| 30:02 | Crear | Militia |
| 30:02 | Crear | Militia |
| 30:14 | Crear | Villager (Male) |
| 30:16 | Investigar | Wheelbarrow |
| 30:26 | Investigar | Forging |
| 30:35 | Crear | Militia |
| 30:42 | Construir | Farm |
| 30:45 | Construir | Farm |
| 30:56 | Construir | Farm |
| 31:20 | Investigar | Scale Mail Armor |
| 32:15 | Crear | Militia |
| 32:15 | Crear | Militia |
| 32:16 | Crear | Militia |
| 32:16 | Crear | Militia |
| 32:16 | Crear | Militia |
| 32:23 | Construir | Farm |
| 32:53 | Crear | Militia |
| 32:53 | Crear | Militia |
| 32:53 | Crear | Militia |
| 32:54 | Crear | Militia |
| 33:24 | Construir | Farm |
| 34:20 | Crear | Militia |
| 34:20 | Crear | Militia |
| 34:21 | Crear | Militia |
| 34:21 | Crear | Militia |
| 34:21 | Crear | Militia |
| 38:02 | Construir | Watch Tower |
| 38:05 | Construir | Watch Tower |
| 38:08 | Construir | Watch Tower |
| 38:11 | Construir | Watch Tower |
| 38:14 | Construir | Watch Tower |
| 39:20 | Construir | Watch Tower |
| 41:52 | Crear | Villager (Male) |
Build order — HijoClauAmen
119 acciones detectadas en el replay
| 4:03 | Construir | Town Center |
| 6:16 | Crear | Villager (Male) |
| 6:16 | Crear | Villager (Male) |
| 6:16 | Crear | Villager (Male) |
| 6:17 | Crear | Villager (Male) |
| 6:28 | Construir | House |
| 6:32 | Construir | House |
| 8:13 | Crear | Villager (Male) |
| 8:13 | Crear | Villager (Male) |
| 8:53 | Crear | Villager (Male) |
| 8:54 | Crear | Villager (Male) |
| 9:02 | Construir | Mill |
| 9:43 | Crear | Villager (Male) |
| 11:11 | Crear | Villager (Male) |
| 11:11 | Crear | Villager (Male) |
| 11:12 | Crear | Villager (Male) |
| 11:14 | Crear | Villager (Male) |
| 11:34 | Construir | House |
| 11:36 | Construir | House |
| 12:19 | Crear | Villager (Male) |
| 12:52 | Investigar | Loom |
| 13:15 | Crear | Villager (Male) |
| 13:15 | Crear | Villager (Male) |
| 13:43 | Crear | Villager (Male) |
| 13:43 | Crear | Villager (Male) |
| 14:12 | Construir | Outpost |
| 14:46 | Construir | Lumber Camp |
| 15:04 | Investigar | Feudal Age |
| 15:17 | Construir | Outpost |
| 15:44 | Construir | Outpost |
| 16:00 | Construir | Outpost |
| 16:05 | Construir | Outpost |
| 16:30 | Construir | Mining Camp |
| 16:59 | Construir | Barracks |
| 17:30 | Construir | Blacksmith |
| 17:39 | Investigar | Man-at-Arms (upgrade) |
| 17:54 | Construir | House |
| 18:22 | Crear | Militia ×4 |
| 18:33 | Crear | Militia ×2 |
| 19:07 | Crear | Villager (Male) |
| 19:07 | Crear | Villager (Male) |
| 20:20 | Construir | Watch Tower |
| 20:39 | Crear | Militia ×5 |
| 21:03 | Construir | Mining Camp |
| 21:25 | Crear | Villager (Male) |
| 22:15 | Construir | House |
| 22:16 | Construir | House |
| 22:17 | Construir | House |
| 23:26 | Crear | Villager (Male) |
| 23:27 | Crear | Villager (Male) |
| 23:37 | Investigar | Double-Bit Axe |
| 23:53 | Construir | Mining Camp |
| 24:23 | Construir | Farm |
| 24:23 | Construir | Farm |
| 24:24 | Construir | Farm |
| 24:24 | Construir | Farm |
| 24:25 | Construir | Farm |
| 25:59 | Crear | Villager (Male) |
| 25:59 | Crear | Villager (Male) |
| 27:18 | Crear | Villager (Male) |
| 27:18 | Crear | Villager (Male) |
| 27:30 | Construir | Farm |
| 27:31 | Construir | Farm |
| 27:31 | Construir | Farm |
| 27:32 | Construir | Farm |
| 27:38 | Construir | Farm |
| 27:38 | Construir | Farm |
| 27:39 | Construir | Farm |
| 27:39 | Construir | Farm |
| 27:55 | Construir | Barracks |
| 28:28 | Crear | Spearman |
| 28:29 | Crear | Spearman |
| 29:51 | Construir | Market |
| 31:26 | Investigar | Castle Age |
| 32:23 | Construir | House |
| 33:08 | Construir | Lumber Camp |
| 34:26 | Construir | Town Center |
| 34:34 | Crear | Villager (Male) |
| 34:35 | Crear | Villager (Male) |
| 34:35 | Crear | Villager (Male) |
| 34:35 | Crear | Villager (Male) |
| 34:35 | Crear | Villager (Male) |
| 34:39 | Crear | Villager (Male) |
| 34:39 | Crear | Villager (Male) |
| 35:56 | Crear | Villager (Male) |
| 35:56 | Crear | Villager (Male) |
| 35:57 | Crear | Villager (Male) |
| 35:57 | Crear | Villager (Male) |
| 35:57 | Crear | Villager (Male) |
| 35:58 | Crear | Villager (Male) |
| 36:04 | Crear | Villager (Male) |
| 36:04 | Crear | Villager (Male) |
| 36:48 | Construir | Town Center |
| 37:37 | Construir | Town Center |
| 38:10 | Construir | Town Center |
| 39:05 | Crear | Villager (Male) |
| 39:05 | Crear | Villager (Male) |
| 39:06 | Crear | Villager (Male) |
| 39:06 | Crear | Villager (Male) |
| 39:08 | Crear | Villager (Male) |
| 39:09 | Crear | Villager (Male) |
| 39:10 | Crear | Villager (Male) |
| 39:10 | Crear | Villager (Male) |
| 39:10 | Crear | Villager (Male) |
| 39:11 | Crear | Villager (Male) |
| 39:58 | Construir | University |
| 41:09 | Construir | Monastery |
| 41:57 | Investigar | Imperial Age |
| 42:07 | Investigar | Bow Saw |
| 42:20 | Construir | Siege Workshop |
| 42:26 | Crear | Villager (Male) |
| 42:26 | Crear | Villager (Male) |
| 42:27 | Crear | Villager (Male) |
| 42:35 | Crear | Villager (Male) |
| 42:36 | Crear | Villager (Male) |
| 42:36 | Crear | Villager (Male) |
| 42:36 | Crear | Villager (Male) |
| 42:39 | Crear | Villager (Male) |
| 42:57 | Crear | Scorpion ×4 |
Build order — EL_LEON_DE_LA_TRIBU_DE_JUDA
111 acciones detectadas en el replay
| 2:16 | Construir | Town Center |
| 3:41 | Construir | House |
| 4:05 | Construir | House |
| 4:34 | Crear | Villager (Male) |
| 4:34 | Crear | Villager (Male) |
| 4:35 | Crear | Villager (Male) |
| 5:13 | Crear | Villager (Male) |
| 6:15 | Crear | Villager (Male) |
| 7:09 | Crear | Villager (Male) |
| 7:10 | Crear | Villager (Male) |
| 7:28 | Construir | House |
| 7:36 | Crear | Villager (Male) |
| 8:24 | Crear | Villager (Male) |
| 8:24 | Crear | Villager (Male) |
| 9:33 | Crear | Villager (Male) |
| 9:33 | Crear | Villager (Male) |
| 10:00 | Crear | Villager (Male) |
| 10:53 | Crear | Villager (Male) |
| 10:54 | Crear | Villager (Male) |
| 11:26 | Construir | House |
| 11:59 | Construir | Dock |
| 12:02 | Construir | House |
| 12:10 | Crear | Villager (Male) |
| 12:10 | Crear | Villager (Male) |
| 12:39 | Crear | Fishing Ship |
| 12:39 | Crear | Fishing Ship |
| 12:57 | Construir | Lumber Camp |
| 13:05 | Crear | Villager (Male) |
| 13:27 | Crear | Fishing Ship |
| 14:00 | Construir | Dock |
| 14:03 | Construir | House |
| 14:04 | Construir | House |
| 14:31 | Crear | Villager (Male) |
| 14:56 | Crear | Fishing Ship |
| 14:57 | Crear | Fishing Ship |
| 15:06 | Crear | Fishing Ship |
| 15:21 | Investigar | Feudal Age |
| 16:17 | Crear | Fishing Ship |
| 16:21 | Crear | Fishing Ship |
| 16:21 | Crear | Fishing Ship |
| 17:26 | Construir | Dock |
| 17:31 | Edad | Edad Feudal |
| 17:32 | Construir | House |
| 17:40 | Crear | Fishing Ship |
| 18:03 | Crear | Fishing Ship |
| 18:10 | Investigar | Wheelbarrow |
| 18:28 | Investigar | Double-Bit Axe |
| 20:00 | Construir | Mining Camp |
| 20:07 | Crear | Villager (Male) |
| 20:08 | Crear | Villager (Male) |
| 20:14 | Crear | Fishing Ship |
| 20:35 | Crear | Villager (Male) |
| 21:57 | Construir | Mill |
| 22:05 | Construir | Blacksmith |
| 22:16 | Crear | Villager (Male) |
| 22:33 | Investigar | Gold Mining |
| 23:02 | Crear | Villager (Male) |
| 23:15 | Construir | Market |
| 24:17 | Construir | Mining Camp |
| 24:23 | Investigar | Castle Age |
| 24:48 | Investigar | Tech 906 |
| 25:21 | Investigar | Stone Mining |
| 26:02 | Construir | Dock |
| 26:06 | Construir | House |
| 26:45 | Crear | Fishing Ship |
| 26:53 | Crear | Fishing Ship |
| 27:03 | Edad | Edad de los Castillos |
| 27:42 | Investigar | Hand Cart |
| 27:46 | Investigar | Bow Saw |
| 29:02 | Construir | Castle |
| 29:44 | Construir | Town Center |
| 29:49 | Crear | Villager (Male) |
| 29:49 | Crear | Villager (Male) |
| 30:41 | Crear | Villager (Male) |
| 30:41 | Crear | Villager (Male) |
| 32:26 | Construir | Lumber Camp |
| 32:48 | Construir | House |
| 32:49 | Construir | House |
| 32:52 | Construir | House |
| 33:40 | Crear | Villager (Male) |
| 33:40 | Crear | Villager (Male) |
| 34:00 | Construir | Castle |
| 34:17 | Crear | Villager (Male) |
| 34:23 | Crear | Villager (Male) |
| 34:24 | Crear | Villager (Male) |
| 34:33 | Construir | Monastery |
| 34:37 | Construir | University |
| 34:40 | Crear | Villager (Male) |
| 34:51 | Crear | Villager (Male) |
| 35:10 | Investigar | Gillnets |
| 35:52 | Construir | Mining Camp |
| 36:04 | Crear | Villager (Male) |
| 36:05 | Crear | Villager (Male) |
| 36:05 | Crear | Villager (Male) |
| 36:06 | Crear | Villager (Male) |
| 36:06 | Crear | Villager (Male) |
| 36:12 | Investigar | Imperial Age |
| 36:55 | Crear | Villager (Male) |
| 36:56 | Crear | Villager (Male) |
| 37:53 | Construir | Town Center |
| 38:06 | Crear | Villager (Male) |
| 38:13 | Investigar | Gold Shaft Mining |
| 39:21 | Construir | Lumber Camp |
| 39:22 | Edad | Edad Imperial |
| 40:16 | Investigar | Fletching |
| 41:08 | Crear | Villager (Male) |
| 41:09 | Crear | Villager (Male) |
| 41:39 | Construir | Barracks |
| 41:54 | Crear | Villager (Male) |
| 41:54 | Crear | Villager (Male) |
| 43:21 | Construir | Town Center |
Build order — titobr6
63 acciones detectadas en el replay
| 1:51 | Construir | Town Center |
| 2:59 | Construir | House |
| 3:00 | Construir | House |
| 3:03 | Construir | House |
| 4:57 | Crear | Villager (Male) |
| 4:57 | Crear | Villager (Male) |
| 4:57 | Crear | Villager (Male) |
| 4:57 | Crear | Villager (Male) |
| 4:59 | Investigar | Loom |
| 5:53 | Crear | Villager (Male) |
| 7:02 | Crear | Villager (Male) |
| 7:33 | Crear | Villager (Male) |
| 7:59 | Construir | Dock |
| 9:07 | Crear | Villager (Male) |
| 9:07 | Crear | Villager (Male) |
| 9:43 | Crear | Fishing Ship |
| 10:19 | Crear | Fishing Ship |
| 10:31 | Crear | Villager (Male) |
| 10:31 | Crear | Villager (Male) |
| 11:05 | Construir | House |
| 11:07 | Construir | House |
| 11:11 | Construir | House |
| 11:18 | Crear | Villager (Male) |
| 12:11 | Construir | Mining Camp |
| 12:57 | Crear | Fishing Ship |
| 13:12 | Crear | Villager (Male) |
| 13:23 | Crear | Villager (Male) |
| 13:39 | Construir | Lumber Camp |
| 14:32 | Investigar | Feudal Age |
| 14:35 | Crear | Fishing Ship |
| 15:18 | Crear | Fishing Ship |
| 15:18 | Crear | Fishing Ship |
| 15:52 | Crear | Fishing Ship |
| 15:58 | Crear | Villager (Male) |
| 16:42 | Edad | Edad Feudal |
| 16:59 | Crear | Villager (Male) |
| 16:59 | Crear | Villager (Male) |
| 17:19 | Construir | Barracks |
| 17:29 | Investigar | Tech 906 |
| 17:43 | Construir | Mining Camp |
| 19:02 | Construir | Dock |
| 19:11 | Construir | Archery Range |
| 20:49 | Construir | Watch Tower |
| 21:16 | Crear | Archer |
| 21:16 | Crear | Archer |
| 21:16 | Crear | Archer |
| 21:17 | Crear | Archer |
| 21:17 | Crear | Archer |
| 21:17 | Crear | Archer |
| 21:52 | Construir | Mining Camp |
| 22:05 | Construir | Blacksmith |
| 23:12 | Investigar | Padded Archer Armor |
| 23:39 | Investigar | Fletching |
| 23:45 | Crear | Villager (Male) |
| 23:46 | Crear | Villager (Male) |
| 23:46 | Crear | Villager (Male) |
| 24:31 | Crear | Fishing Ship |
| 24:31 | Crear | Fishing Ship |
| 24:32 | Crear | Fishing Ship |
| 24:43 | Construir | Mining Camp |
| 25:36 | Crear | Archer |
| 25:36 | Crear | Archer |
| 25:37 | Crear | Archer |
Cronología de la partida
| 2:55 | ElMistik1042 · first_building Barracks |
| 7:55 | marciano.gazu · wall_segment Palisade Wall x11 |
| 7:59 | titobr6 · first_building Dock |
| 11:19 | nachoo.monroy · first_building Barracks |
| 11:59 | EL_LEON_DE_LA_TRIBU_DE_JUDA · first_building Dock |
| 12:08 | jeredino123 · first_building Dock |
| 14:19 | armimen56 · age_up feudal |
| 16:42 | titobr6 · age_up feudal |
| 16:47 | armimen56 · first_building Barracks |
| 16:59 | HijoClauAmen · first_building Barracks |
| 17:08 | marciano.gazu · first_building Barracks |
| 17:19 | titobr6 · first_building Barracks |
| 17:31 | EL_LEON_DE_LA_TRIBU_DE_JUDA · age_up feudal |
| 17:43 | armimen56 · first_building Stable |
| 18:55 | nachoo.monroy · age_up feudal |
| 19:09 | marciano.gazu · age_up feudal |
| 19:11 | titobr6 · first_building Archery Range |
| 19:17 | armimen56 · first_building Archery Range |
| 20:01 | nachoo.monroy · first_building Stable |
| 22:08 | jeredino123 · first_market_buy 100 wood |
| 22:12 | jeredino123 · first_market_sell 100 food |
| 26:33 | jeredino123 · first_building Castle |
| 26:57 | ElMistik1042 · first_building Dock |
| 27:03 | EL_LEON_DE_LA_TRIBU_DE_JUDA · age_up castle |
| 27:03 | titobr6 · resign |
| 29:02 | EL_LEON_DE_LA_TRIBU_DE_JUDA · first_building Castle |
| 29:53 | armimen56 · age_up castle |
| 31:17 | HijoClauAmen · first_market_buy 100 food |
| 31:23 | jeredino123 · tribute_sent a jugador 1 |
| 31:23 | jeredino123 · tribute_sent a jugador 2 |
| 31:23 | jeredino123 · tribute_sent a jugador 4 |
| 31:23 | jeredino123 · tribute_sent a jugador 5 |
| 31:23 | jeredino123 · tribute_sent a jugador 6 |
| 31:23 | jeredino123 · tribute_sent a jugador 7 |
| 31:23 | jeredino123 · tribute_sent a jugador 8 |
| 34:33 | EL_LEON_DE_LA_TRIBU_DE_JUDA · first_building Monastery |
| 39:22 | EL_LEON_DE_LA_TRIBU_DE_JUDA · age_up imperial |
| 41:09 | HijoClauAmen · first_building Monastery |
| 41:39 | EL_LEON_DE_LA_TRIBU_DE_JUDA · first_building Barracks |
| 42:20 | HijoClauAmen · first_building Siege Workshop |
| 43:11 | jeredino123 · first_building Siege Workshop |
[ ANÁLISIS IA · 1 CRÉDITO ]
¿Qué pasó realmente en esta partida?
Wolo.gg analiza cada decisión: build order, eco, micro, errores típicos por bracket. Análisis personalizado por WhatsApp o Discord en 30 segundos.
Guía civ
Hunos
Perfil
Jugador #5622913